 Dungeon Crawl Stone Soup version 0.19.1-1-g22dce08 (webtiles) character file.

123807 landeron the Blocker (level 16, -14/147 HPs)
             Began as a Minotaur Fighter on Dec 29, 2016.
             Was the Champion of Makhleb.
             Killed from afar by a shock serpent (28 damage)
             ... with a bolt of electricity
             ... on level 4 of the Snake Pit on Dec 31, 2016.
             The game lasted 03:24:54 (23464 turns).

landeron the Blocker (Minotaur Fighter)            Turns: 23464, Time: 03:24:55

Health: -14/147    AC: 33    Str: 26    XL:     16   Next: 37%
Magic:  21/21      EV: 19    Int:  5    God:    Makhleb [******]
Gold:   1646       SH: 21    Dex: 17    Spells: 0 memorised, 15 levels left

rFire  . . .     SeeInvis .     w - +2 morningstar of Discord {freeze, rPois rN+ Str+3} (curse)
rCold  . . .     Gourm    .     K - +2 crystal plate armour
rNeg   + . .     Faith    .     I - +2 shield
rPois  +         Spirit   .     M - +1 hat of Orategi {*Contam +Fly MR+}
rElec  .         Reflect  +     e - +0 cloak
rCorr  .         Harm     .     h - +0 pair of gloves
MR     +++..     Clarity  +     k - +0 pair of boots
Stlth  ..........               F - +4 amulet of reflection
                                n - +6 ring of evasion
                                v - +4 ring of slaying

@: no status effects
A: retaliatory headbutt, horns 2, icy blue scales 1, thin skeletal structure 1,
clarity, magic resistance 1, MP-powered wands
a: Minor Destruction, Lesser Servant of Makhleb, Major Destruction, Greater
Servant of Makhleb, Renounce Religion, Evoke Flight


You were on level 4 of the Snake Pit.
You worshipped Makhleb.
Makhleb was exalted by your worship.
You were not hungry.

You visited 6 branches of the dungeon, and saw 24 of its levels.
You also visited: Labyrinth, Bailey and Ice Cave.

You collected 1880 gold pieces.
You spent 234 gold pieces at shops.

Inventory:

Hand Weapons
 w - the cursed +2 morningstar of Discord (weapon) {freeze, rPois rN+ Str+3}
   (You found it on level 6 of the Lair of Beasts)

   It has been specially enchanted to freeze those struck by it, causing extra
   injury to most foes and up to half again as much damage against particularly
   susceptible opponents.
   It can also slow down cold-blooded creatures.
   It affects your strength (+3).
   It protects you from poison.
   It protects you from negative energy.
   It has a curse placed upon it.
 x - the +1 hand axe "Jiebbui" {vamp, rPois rC+}
   (You found it on level 5 of the Dungeon)

   It inflicts no extra harm, but heals its wielder when it wounds a living foe.
   It protects you from cold.
   It protects you from poison.
Armour
 e - a +0 cloak (worn)
 h - a +0 pair of gloves (worn)
 k - a +0 pair of boots (worn)
 I - a +2 shield (worn)
 K - a +2 crystal plate armour (worn)
 M - the +1 hat of Orategi (worn) {*Contam +Fly MR+}
   (You found it in an ice cave)

   It affects your resistance to hostile enchantments.
   It lets you fly.
   It causes magical contamination when unequipped.
Jewellery
 n - a +6 ring of evasion (right hand)
 v - a +4 ring of slaying (left hand)
 F - a +4 amulet of reflection (around neck)
Wands
 o - a wand of enslavement (20/24)
 q - a wand of disintegration (2/24)
 t - a wand of digging (5/24)
 D - a wand of paralysis (0/24)
 P - a wand of iceblast (4/15)
 Z - a wand of acid (0/15)
Scrolls
 b - a scroll of remove curse
 c - 2 scrolls of blinking
 m - a scroll of fear
 p - 2 scrolls of brand weapon
 r - 2 scrolls of fog
 s - a scroll of random uselessness {unknown}
 y - 2 scrolls of enchant weapon
 A - 4 scrolls of magic mapping
 B - a scroll of identify
 C - a scroll of summoning
 J - 6 scrolls of teleportation
 W - a scroll of holy word
Potions
 d - 2 potions of might
 g - 4 potions of lignification
 j - a potion of ambrosia
 l - 3 potions of curing
 u - 2 potions of cure mutation
 z - a potion of berserk rage
 L - a potion of brilliance {unknown}
 N - a potion of invisibility
 S - 2 potions of resistance {unknown}
 T - 3 potions of flight
 X - 2 potions of agility {unknown}
 Y - a potion of haste
Comestibles
 a - 9 meat rations
 f - 10 bread rations


   Skills:
 * Level 14.6 Fighting
 - Level 14.0(14.2) Axes
 * Level 4.4(10.3) Maces & Flails
 * Level 14.7 Armour
 * Level 13.2 Dodging
 * Level 14.8 Shields
 + Level 8.6 Invocations
 + Level 8.1 Evocations


You had 15 spell levels left.
You didn't know any spells.

Dungeon Overview and Level Annotations

Branches:
Dungeon (10/15)            Temple (1/1) D:4            Lair (6/6) D:10
 Shoals (1/4) Lair:3        Snake (4/4) Lair:2        Slime (0/5) Lair:5
    Orc (2/2) D:9
    Elf: Orc:2

Altars:
Ashenzari
Dithmenos
Elyvilon
Fedhas
Gozag
Kikubaaqudgha
Makhleb
Nemelex Xobeh
Okawaru
Qazlal
Ru
Sif Muna
Uskayaw
Vehumet
Xom
Yredelemnul
Zin
The Shining One
Beogh
Jiyva

Shops:
D:5 *   D:7 *   D:8 !   Snake:3 }

Annotations:
Shoals:1 Iskender's ghost, adept MiWn


Innate Abilities, Weirdness & Mutations

You reflexively headbutt those who attack you in melee.
You have a pair of horns on your head.
You are partially covered in icy blue scales. (AC +2)
You have a somewhat thin skeletal structure. (Dex +2, Stealth)
You possess an exceptional clarity of mind.
You are resistant to hostile enchantments. (MR+)
You expend magic power (3 MP) to strengthen your wands.


Message History

The shock serpent is almost dead.
The shock serpent's electric aura discharges, shocking you!
* * * LOW HITPOINT WARNING * * *
The shock serpent shoots out a bolt of lightning at you!
The bolt of electricity hits you!
* * * LOW HITPOINT WARNING * * *
You feel better. You block the shock serpent's attack.
You completely miss the shock serpent. Your headbutt misses the shock serpent.
The shock serpent is severely wounded.
The shock serpent shoots out a bolt of lightning at you!
The bolt of electricity hits you!
* * * LOW HITPOINT WARNING * * *
The shock serpent is no longer moving slowly.
The shock serpent shoots out a bolt of lightning at you!
The bolt of electricity hits you!
* * * LOW HITPOINT WARNING * * *
You feel better.
The shock serpent shoots out a bolt of lightning at you!
The bolt of electricity hits you!
You die...

.....### #.....#
.......#####.....#
.................## ###
..N...).N.........#############..
......)..........................
......######....................(
####### #.)#######............
#)[#..##.#............
#.)S.@..<#............
#..#)#.).#.###...#####
#..##..#.#.# ##### #..##...##.#
#..#..###..# #..##'#....#
#..........# #..........#
#..........#


You could see a shock serpent.

Vanquished Creatures
  Saint Roka (Snake:4)
  3 nagarajas
  Aizul (Snake:3)
  The ghost of Hordelord the Spear-Bearer, a journeyman DrFE of Qazlal (Snake:2)
  A dire elephant (Lair:6)
  A minotaur (Lab)
  An ettin (D:9)
  Josephine (Shoals:1)
  2 catoblepae (Lair:6)
  4 hydras
  5 naga warriors
  5 anacondas
  A deep troll shaman (Lair:6)
  6 naga sharpshooters
  5 death yaks (Lair:6)
  5 shock serpents
  3 salamander mystics
  An unseen horror (D:10)
  4 hill giants
  The ghost of Pytinka the Thaumaturge, a novice DEFE of Vehumet (D:8)
  A necromancer (IceCv)
  2 orc knights
  5 harpies (Shoals:1)
  9 naga ritualists
  An oklob plant (Snake:3)
  8 mana vipers
  3 fauns (Shoals:1)
  2 orc sorcerers
  7 salamanders
  3 manticores
  37 black mambas
  9 elephants
  3 sirens (Shoals:1)
  3 guardian serpents
  An ice statue (IceCv)
  6 spiny frogs
  10 naga magi
  3 komodo dragons
  3 rime drakes (Lair:4)
  10 freezing wraiths (IceCv)
  A merfolk (Shoals:1)
  2 two-headed ogres (D:9)
  2 polar bears (Lair:6)
  2 trolls
  A minotaur skeleton (Lab)
  A wind drake (Shoals:1)
  17 blink frogs (Lair:6)
  A snapping turtle (Shoals:1)
  A dream sheep (Shoals:1)
  7 hippogriffs
  Sigmund (D:5)
  A hill giant zombie (D:9)
  A spriggan (D:7)
  2 wyverns
  4 wraiths (Shoals:1)
  36 yaks
  Grum (D:8)
  2 basilisks
  4 hungry ghosts
  A death yak simulacrum (IceCv)
  A warg (D:9)
  32 nagas
  16 water moccasins
  8 porcupines
  Duvessa (D:7)
  11 ice beasts
  A sky beast (D:7)
  6 black bears
  20 orc warriors
  2 phantoms
  A necrophage (D:7)
  9 ogres
  13 wolves
  5 centaurs
  2 big kobolds
  12 crocodiles
  7 bullfrogs
  An earth elemental (Lab)
  Dowan (D:7)
  3 scorpions
  2 swamp dragon simulacra (IceCv)
  A troll zombie (D:9)
  A vampire bat (Lair:5)
  4 wights (D:10)
  5 howler monkeys
  5 draconian simulacra (IceCv)
  4 jellies
  3 hounds
  3 centaur skeletons
  14 orc wizards
  7 orc priests
  A gnoll shaman (D:4)
  Terence (D:3)
  Jessica (D:2)
  3 iguanas
  Natasha (thrice) (D:2)
  7 hell rats
  A polar bear simulacrum (IceCv)
  4 troll simulacra (IceCv)
  8 worker ants
  4 spriggan simulacra (IceCv)
  6 ogre zombies (D:9)
  2 centaur simulacra (IceCv)
  2 hound skeletons (D:4)
  9 gnolls
  4 naga simulacra (IceCv)
  An ogre simulacrum (IceCv)
  9 adders
  3 shadow imps
  12 white imps (IceCv)
  An ooze (D:4)
  3 adder zombies
  An adder skeleton (D:5)
  A worm (D:2)
  3 dart slugs
  2 leopard geckos
  55 orcs
  10 bats
  8 giant cockroaches
  14 hobgoblins
  5 jackals
  16 kobolds
  6 quokkas
  2 ball pythons
  2 frilled lizards (D:3)
  26 goblins
  A goblin skeleton (D:9)
  2 goblin zombies (D:9)
  A hobgoblin skeleton (D:9)
  8 hobgoblin zombies (D:9)
  A jackal skeleton (D:6)
  2 orc skeletons (D:9)
  11 orc zombies (D:9)
  5 rats
  9 fungi
  8 plants
751 creatures vanquished.

Vanquished Creatures (collateral kills)
  Asterion (Snake:3)
  The ghost of JamesMay the Peltast, a journeyman MiFi of Okawaru (Shoals:1)
  3 black mambas (Snake:3)
5 creatures vanquished.

Vanquished Creatures (others)
  A nagaraja (Snake:1)
  Nessos (Lair:4)
  3 naga sharpshooters
  A cyclops (Shoals:1)
  A naga mage (Snake:3)
  A dream sheep (Shoals:1)
  2 nagas (Snake:3)
  4 orc warriors (Bailey)
  Robin (D:2)
  9 orcs
  A kobold (D:8)
  10 fungi
  13 plants
48 creatures vanquished.

Grand Total: 804 creatures vanquished

Notes
Turn   | Place    | Note
-------+----------+-------------------------------------------
     0 | D:1      | landeron the Minotaur Fighter began the quest for the Orb.
     0 | D:1      | Reached XP level 1. HP: 19/19 MP: 0/0
   248 | D:1      | Reached XP level 2. HP: 27/27 MP: 1/1
   444 | D:2      | Noticed Jessica
   466 | D:2      | Killed Jessica
   466 | D:2      | Reached XP level 3. HP: 22/33 MP: 2/2
   484 | D:2      | Found a shattered altar of Ashenzari.
   626 | D:2      | Reached XP level 4. HP: 32/40 MP: 3/3
   630 | D:2      | Noticed Robin
   653 | D:2      | Killed Robin
   672 | D:2      | Reached skill level 1 in Dodging
   775 | D:2      | Noticed Natasha
   781 | D:2      | Killed Natasha
   944 | D:2      | Reached XP level 5. HP: 46/46 MP: 4/4
  1029 | D:2      | Noticed Natasha
  1057 | D:2      | Killed Natasha
  1254 | D:2      | Noticed Natasha
  1269 | D:2      | Killed Natasha
  1269 | D:2      | Reached skill level 5 in Shields
  1614 | D:3      | Reached skill level 5 in Armour
  1614 | D:3      | Reached XP level 6. HP: 51/53 MP: 5/5
  1630 | D:3      | Noticed a water elemental
  1633 | D:3      | Noticed a fire elemental
  1663 | D:3      | Found a stormy altar of Qazlal.
  1664 | D:3      | Noticed an air elemental
  1675 | D:3      | Noticed Terence
  1685 | D:3      | Killed Terence
  1787 | D:3      | Reached skill level 1 in Evocations
  1995 | D:4      | Found a staircase to the Ecumenical Temple.
  2003 | Temple   | Entered the Ecumenical Temple
  2067 | Temple   | Became a worshipper of Makhleb the Destroyer
  2330 | D:4      | Reached skill level 5 in Fighting
  2733 | D:4      | Reached XP level 7. HP: 61/61 MP: 6/6
  2857 | D:5      | Entered Level 5 of the Dungeon
  2857 | D:5      | Found Hoasiyck's General Store.
  2911 | D:5      | Got a warped hand axe
  2933 | D:5      | Reached * piety under Makhleb
  2933 | D:5      | Reached skill level 5 in Axes
  2936 | D:5      | Reached skill level 1 in Invocations
  2959 | D:5      | Found a shimmering altar of Xom.
  2960 | D:5      | Found a white marble altar of Elyvilon.
  2961 | D:5      | Found a deep blue altar of Sif Muna.
  3008 | D:5      | Found a sacrificial altar of Ru.
  3027 | D:5      | Found a shadowy altar of Dithmenos.
  3288 | D:5      | Noticed Sigmund
  3307 | D:5      | Killed Sigmund
  3309 | D:5      | Found an opulent altar of Gozag.
  3368 | D:6      | Reached XP level 8. HP: 38/70 MP: 8/8
  3957 | D:6      | Reached ** piety under Makhleb
  4176 | D:6      | Reached XP level 9. HP: 78/78 MP: 9/9
  4193 | D:7      | Reached skill level 5 in Dodging
  4273 | D:7      | Noticed Duvessa
  4278 | D:7      | Noticed Dowan
  4286 | D:7      | Killed Duvessa
  4290 | D:7      | Killed Dowan
  4566 | D:7      | Reached *** piety under Makhleb
  4675 | D:7      | Found Plog's Assorted Antiques.
  4684 | D:7      | Bought a scroll of identify for 52 gold pieces
  4762 | D:7      | Found a flagged portal.
  4768 | Bailey   | Entered a bailey
  5389 | Bailey   | Reached XP level 10. HP: 67/88 MP: 11/11
  5473 | Bailey   | Noticed an orc knight
  5533 | Bailey   | Killed an orc knight
  6031 | D:8      | Reached skill level 10 in Shields
  6031 | D:8      | Reached XP level 11. HP: 97/97 MP: 11/13
  6091 | D:8      | Reached **** piety under Makhleb
  6145 | D:8      | Noticed Pytinka's ghost (novice DEFE)
  6164 | D:8      | Killed Pytinka's ghost
  6202 | D:8      | Noticed a hill giant
  6215 | D:8      | Killed a hill giant
  6324 | D:8      | Found Waufoebb's Distillery.
  6332 | D:8      | Bought a potion of curing for 39 gold pieces
  6332 | D:8      | Bought a potion of curing for 39 gold pieces
  6332 | D:8      | Bought a potion of curing for 39 gold pieces
  6332 | D:8      | Bought a potion of heal wounds for 65 gold pieces
  6357 | D:8      | Noticed Grum
  6402 | D:8      | Killed Grum
  6626 | D:8      | You fall through a shaft for 2 floors!
  6626 | D:10     | Entered Level 10 of the Dungeon
  6629 | D:10     | Noticed a hill giant
  6641 | D:10     | Reached skill level 10 in Armour
  6648 | D:10     | Reached skill level 10 in Fighting
  6663 | D:10     | Killed a hill giant
  6663 | D:10     | Reached skill level 5 in Invocations
  6684 | D:9      | Noticed a six-headed hydra
  6690 | D:9      | Killed a nine-headed hydra
  6690 | D:9      | Reached skill level 5 in Evocations
  6799 | D:9      | Found a white marble altar of Elyvilon.
  7119 | D:9      | Found a staircase to the Orcish Mines.
  7150 | D:9      | Reached skill level 10 in Axes
  7186 | D:9      | Reached ***** piety under Makhleb
  7446 | D:9      | Reached XP level 12. HP: 106/106 MP: 14/14
  7453 | Orc:1    | Entered Level 1 of the Orcish Mines
  7453 | Orc:1    | Found a roughly hewn altar of Beogh.
  7453 | Orc:1    | Noticed an ettin
  7769 | D:9      | Killed an ettin
  7982 | D:9      | Identified the cursed +1 hand axe "Jiebbui" {vamp, rPois rC+} (You found it on level 5 of the Dungeon)
  8776 | Orc:2    | Entered Level 2 of the Orcish Mines
  8784 | Orc:2    | Noticed an orc high priest
  8818 | Orc:2    | Noticed an orc warlord
  9101 | D:10     | Found a staircase to the Lair.
  9487 | Lair:1   | Entered Level 1 of the Lair of Beasts
 10298 | Lair:2   | Found a frozen archway.
 10307 | IceCv    | Entered an ice cave
 10495 | IceCv    | Reached ****** piety under Makhleb
 10580 | IceCv    | Reached XP level 13. HP: 116/116 MP: 16/16
 10632 | IceCv    | Identified the Incunabulum of Cold
 10639 | IceCv    | Got a scorched hat
 10648 | IceCv    | Identified the +1 hat of Orategi {*Contam +Fly MR+} (You found it in an ice cave)
 10780 | IceCv    | Found an ancient bone altar of Kikubaaqudgha.
 10935 | Lair:2   | Found a staircase to the Snake Pit.
 10963 | Snake:1  | Entered Level 1 of the Snake Pit
 10981 | Snake:1  | Reached skill level 10 in Dodging
 11349 | Snake:1  | Noticed a nagaraja
 11370 | Snake:1  | Killed a nagaraja
 12105 | Snake:2  | Reached XP level 14. HP: 113/126 MP: 18/18
 12126 | Snake:2  | Gained mutation: You have a somewhat thin skeletal structure. (Dex +2, Stealth) [mutagenic meat]
 12146 | Snake:2  | Noticed Hordelord's ghost (journeyman DrFE)
 12235 | Snake:2  | Killed Hordelord's ghost
 12692 | Snake:3  | Noticed Asterion
 12710 | Snake:3  | Killed Asterion
 12975 | Snake:3  | Noticed a nagaraja
 14326 | Lair:3   | Found a staircase to the Shoals.
 14353 | Shoals:1 | Entered Level 1 of the Shoals
 14353 | Shoals:1 | Noticed Josephine
 14372 | Shoals:1 | Killed Josephine
 14701 | Shoals:1 | Noticed JamesMay's ghost (journeyman MiFi)
 14799 | Shoals:1 | Killed JamesMay's ghost
 14832 | Shoals:1 | Noticed Iskender's ghost (adept MiWn)
 15712 | Lair:4   | Noticed Nessos
 15721 | Lair:4   | Killed Nessos
 16337 | Lair:4   | Reached XP level 15. HP: 136/136 MP: 19/19
 16508 | Lair:5   | Found a viscous altar of Jiyva.
 16508 | Lair:5   | Found a staircase to the Slime Pits.
 16748 | Lair:5   | Found a labyrinth entrance.
 16758 | Lab      | Entered a labyrinth
 19238 | Lab      | Identified the Collected Works on Stones
 19268 | Lab      | Got a diamond-encrusted plate armour
 19284 | Lab      | Identified the +0 plate armour of Usezysaf {Str+3} (You took it off a minotaur in a labyrinth)
 19896 | Lair:6   | Entered Level 6 of the Lair of Beasts
 20796 | Lair:6   | Got an ancient morningstar
 20807 | Lair:6   | Identified the cursed +1 morningstar of Oviachou {freeze, MR+ Str-2 Int+4 SInv} (You found it on level 6 of the Lair of Beasts)
 20990 | Lair:6   | Got an ancient morningstar
 20991 | Lair:6   | Identified the cursed +2 morningstar of Discord {freeze, rPois rN+ Str+3} (You found it on level 6 of the Lair of Beasts)
 21530 | Snake:3  | Noticed a nagaraja
 21537 | Snake:2  | Killed a nagaraja
 21644 | Snake:3  | Noticed Aizul
 21645 | Snake:3  | Found a deep blue altar of Sif Muna.
 21677 | Snake:3  | Killed Aizul
 21677 | Snake:3  | Reached skill level 1 in Maces & Flails
 21693 | Snake:3  | Gained mutation: You are resistant to hostile enchantments. (MR+) [mutagenic meat]
 21694 | Snake:3  | Gained mutation: You possess an exceptional clarity of mind. [mutagenic meat]
 21695 | Snake:3  | Gained mutation: You expend magic power (3 MP) to strengthen your wands. [mutagenic meat]
 21696 | Snake:3  | Gained mutation: You are partially covered in icy blue scales. (AC +2) [mutagenic meat]
 21859 | Snake:3  | Found Laediaf's Gadget Shoppe.
 22246 | Snake:3  | Reached XP level 16. HP: 146/146 MP: 21/21
 22566 | Snake:4  | Entered Level 4 of the Snake Pit
 23007 | Snake:4  | Noticed Saint Roka
 23390 | Snake:4  | Killed Saint Roka
 23463 | Snake:4  | HP: 7/147 [shock serpent/bolt of electricity (23)]
 23464 | Snake:4  | Killed from afar by a shock serpent

Skill      XL: |  1  2  3  4  5  6  7  8  9 10 11 12 13 14 15 16 |
---------------+-------------------------------------------------+-----
Shields        | 4 5 6 7 8 10 11 12 13 14 | 14.8
Fighting       | 4 5 6 8 9 10 11 12 13 14 | 14.6
Axes           | 3 4 5 6 7 9 10 11 12 13 14 | 14.0
Armour         | 4 5 6 7 8 9 10 11 12 13 14 | 14.7
Dodging        | 1 2 3 4 6 7 8 9 10 12 13 | 13.2
Evocations     | 1 2 3 4 5 6 7 8 |  8.1
Invocations    | 1 2 3 4 5 6 7 8 |  8.6
Maces & Flails | 3 4 |  4.4

Action                   |  1- 3 |  4- 6 |  7- 9 | 10-12 | 13-15 | 16-18 || total
-------------------------+-------+-------+-------+-------+-------+-------++-------
Melee: War axe           |    62 |   211 |   254 |   260 |       |       ||   787
       Headbutt          |    10 |    36 |    50 |   215 |   529 |    50 ||   890
       Hand axe          |       |       |       |   458 |  1440 |       ||  1898
       Morningstar       |       |       |       |       |   204 |   180 ||   384
Invok: Major Destruction |       |       |       |     2 |       |     1 ||     3
       Minor Destruction |       |       |       |     2 |       |       ||     2
       Greater Servant o |       |       |       |       |     3 |     1 ||     4
 Abil: Evoke Flight      |       |     1 |     1 |     2 |     1 |       ||     5
       Stop Flying       |       |       |     1 |     2 |       |       ||     3
Evoke: Wand              |       |       |       |    26 |    27 |       ||    53
  Use: Scroll            |       |     5 |     4 |    18 |    15 |       ||    42
       Potion            |       |       |     2 |     3 |    12 |     2 ||    19
 Stab: Paralysed         |       |       |       |     3 |       |       ||     3
       Distracted        |       |       |       |       |     2 |       ||     2
       Petrified         |       |       |       |       |     8 |       ||     8
       Petrifying        |       |       |       |       |     1 |       ||     1
  Eat: Chunk             |       |     7 |     7 |    20 |    22 |       ||    56
       Pizza             |       |       |     1 |       |     1 |       ||     2
       Fruit             |       |       |       |     1 |     3 |       ||     4
       Royal jelly       |       |       |       |     1 |     1 |       ||     2
       Meat ration       |       |       |       |     1 |       |       ||     1
       Beef jerky        |       |       |       |       |     1 |     1 ||     2
       Bread ration      |       |       |       |       |     6 |     1 ||     7
Armor: Scale mail        |    37 |    63 |    59 |       |       |       ||   159
       Crystal plate arm |       |       |       |   291 |   579 |    65 ||   935
Dodge: Dodged            |    23 |    69 |    81 |   116 |   485 |    72 ||   846
Block: Shield            |    33 |   101 |   213 |   683 |  1419 |   213 ||  2662
       Reflection        |       |       |    54 |     7 |    98 |    28 ||   187
